 Dungeon Crawl Stone Soup version 0.31-a0-845-g9abc20d24f (webtiles) character file.

Game seed: 4398306922610606843

5723 kae the Severer (level 10, -3/93 HPs)
             Began as a Hill Orc Fighter on Oct 2, 2023.
             Was a Believer of Makhleb.
             Slain by a two-headed ogre
             ... wielding a +0 giant club
              (15 damage)
             ... on level 7 of the Dungeon.
             The game lasted 00:05:56 (7000 turns).

kae the Severer (Hill Orc Fighter)                  Turns: 7000, Time: 00:05:57

Health: -3/93      AC: 14    Str: 24    XL:     10   Next: 77%
Magic:  16/16      EV:  6    Int: 12    God:    Makhleb [**....]
Gold:   301        SH:  0    Dex: 10    Spells: 9/9 levels left

rFire   + . .        m - +12 battleaxe of Descent {heavy, Int+4 SInv}
rCold   . . .        (shield currently unavailable)
rNeg    . . .        w - +0 plate armour
rPois   .            x - +0 helmet
rElec   .            (no cloak)
rCorr   .            v - +1 pair of gloves
SInv    +            (no boots)
Will    .....        (no amulet) Stlth
                     F - ring of protection from fire
HPRegen 0.35/turn    (no ring)
MPRegen 0.15/turn

%: no passive effects
@: hasted, very quick
A: no striking features
a: Renounce Religion, Minor Destruction


You were on level 7 of the Dungeon.
You worshipped Makhleb.
Makhleb was pleased with you.
You visited 2 branches of the dungeon, and saw 8 of its levels.

You collected 301 gold pieces.


   Skills:
 - Level 10.0 Fighting
 * Level 15.9 Axes
 - Level 3.2 Armour
 - Level 3.2 Shields
 - Level 8.0 Invocations


You had 9 spell levels left.
You didn't know any spells.
Your spell library contained the following spells:

 Spells                   Type           Power      Damage    Failure   Level
 Cigotuvi's Dreadful Rot  Necr/Pois/Air  0%         N/A       100%        2
 Dazzling Flash           Conj/Hex       0%         N/A       100%        3
 Ignite Poison            Fire/Tmut/Pois 0%         N/A       100%        3
 Volatile Blastmotes      Fire/Tloc      0%         2d10      100%        3
 Fulminant Prism          Conj/Hex       0%         3d5       100%        4
 Iskenderun's Mystic Bla  Conj/Tloc      0%         2d3       100%        4
 Agony                    Necr           0%         N/A       100%        5
 Freezing Cloud           Conj/Ice/Air   0%         6-21      100%        5
 Silence                  Hex/Air        0%         N/A       100%        5

Inventory:

Hand Weapons
 a - a +0 war axe
 m - the +12 battleaxe of Descent (weapon) {heavy, Int+4 SInv}
   (You found it on level 3 of the Dungeon)

   Int+4:     It affects your intelligence (+4).
   SInv:      It lets you see invisible.
Missiles
 f - 69 stones
Armour
 b - a +0 scale mail
 c - a +0 buckler
 v - a +1 pair of gloves (worn)
   (You found it on level 6 of the Dungeon)
 w - a +0 plate armour (worn)
   (You took it off an orc warrior on level 6 of the Dungeon)
 x - a +0 helmet (worn)
   (You took it off Robin on level 2 of the Dungeon)
Magical Staves
 j - a staff of death {!a}
   (You found it on level 1 of the Dungeon)
Jewellery
 s - a ring of willpower
   (You found it on level 7 of the Dungeon)
 C - the ring "Giorhuku" {*Slow rF++ Str+4 Dex+6}
   (You found it on level 7 of the Dungeon)

   [ring of dexterity]

   Str+4:     It affects your strength (+4).
   Dex+6:     It affects your dexterity (+6).
   rF++:      It greatly protects you from fire.
   *Slow:     It may slow you when you take damage.
 F - a ring of protection from fire (left hand)
   (You found it on level 1 of the Dungeon)
Wands
 n - a wand of quicksilver (2)
   (You found it on level 4 of the Dungeon)
 z - a wand of flame (15)
   (You found it on level 6 of the Dungeon)
Scrolls
 u - a scroll of butterflies
 y - a scroll of revelation
Potions
 d - 2 potions of might
 e - 2 potions of curing {@q1}
 g - a potion of degeneration {!q}
 h - a potion of mutation {unknown}
 i - 2 potions of enlightenment
 k - 2 potions of invisibility {unknown}
 l - a potion of haste {@q3}
 q - a potion of heal wounds {@q2}
 r - a potion of lignification {unknown}
 t - a potion of cancellation {unknown}
 A - 2 potions of brilliance
 B - a potion of berserk rage {unknown}

Dungeon Overview and Level Annotations

Branches:
Dungeon (7/15) Zot: 25950  Temple (1/1) D:4 Zot: 5876

Altars:
Cheibriados
Dithmenos
Fedhas
Gozag
Hepliaklqana
Kikubaaqudgha
Makhleb
Nemelex Xobeh
Okawaru
Qazlal
Ru
Sif Muna
Trog
Uskayaw
Vehumet
Wu Jian
Xom
Yredelemnul
Zin
The Shining One

Annotations:
D:7 exclusion: oklob plant

.#♣♣.♣ ♣♣♣♣♣♣♣.♣♣♣♣♣♣♣ ♣♣.♣♣
^##♣.♣## ### #.# ### ♣.♣
.#.....#♣♣.♣♣♣#)#♣♣♣.♣♣ ♣.♣♣
.#.♣.♣.#♣.♣.♣#.#)#♣.♣.♣#♣.♣.♣#
.#.♣.♣.#.♣♣♣..#8#..♣♣♣.#.♣♣♣†#
.#.♣♣♣.#♣.♣.♣#.#.#♣.♣.♣#♣.♣.♣#
.#.♣ ♣.#♣♣.♣♣♣#.#♣♣♣.♣♣ ♣.♣♣
.### ###
#################.###.#
#.#.#@....##........#
.######.#.#O....####..###.#
........!.c...............#
........†.#.....###########
..#.##c###.....# .. #.#
####### . #...# #.....c
#......##


You could see a two-headed ogre and a centaur.


Message History

The shadow imp grins evilly.
A two-headed ogre comes into view. It is wielding two +0 giant clubs.
A white imp comes into view.
You see here a hound corpse.
The two-headed ogre shouts in stereo!
You slice the bullfrog!!
You kill the bullfrog!
Makhleb accepts your kill. The white imp gestures at you.
The puff of frost hits you but does no damage.
There are monsters nearby!
The white imp gestures at you. The puff of frost hits you!
You see here a bullfrog corpse.
A bullfrog comes into view.
The bullfrog gives a loud, deep croak!
The bullfrog snags a nearby butterfly with its tongue.
The white imp gestures at you.
The puff of frost hits you but does no damage.
There are monsters nearby!
You slash the two-headed ogre! You slash the shadow imp!
You slice the white imp!!
You kill the white imp!
Makhleb accepts your kill.
You feel better. The shadow imp barely misses you.
The two-headed ogre closely misses you. The two-headed ogre barely misses you.
The bullfrog hits you but does no damage.
You closely miss the shadow imp. You slash the two-headed ogre!
You slice the bullfrog!!
You kill the bullfrog!
Makhleb accepts your kill.
You feel better.
The shadow imp hits you but does no damage.
A centaur comes into view. It is wielding a +3 whip.
The two-headed ogre hits you with a +0 giant club.
The two-headed ogre hits you but does no damage. 😕 HP[-12]
You take 12 damage, and now have 81/93 hp.
You chop the shadow imp into pieces!!!
You kill the shadow imp!
Makhleb accepts your kill.
You barely miss the two-headed ogre.
The centaur unwields a +3 whip.
The centaur wields a +0 orcbow.
The centaur shoots an arrow.
The arrow hits you!
The centaur shoots an arrow.
The arrow barely misses you.
The two-headed ogre hits you with a +0 giant club!
The two-headed ogre closely misses you.
You are too injured to fight recklessly! 😮 HP[-18]
You take 18 damage, and now have 63/93 hp.
You are too injured to fight recklessly!
You are too injured to fight recklessly!
You are too injured to fight recklessly!
You are too injured to fight recklessly!
You completely miss the two-headed ogre.
The centaur shoots an arrow.
The arrow hits you.
The centaur shoots an arrow.
The arrow hits you but does no damage.
The two-headed ogre hits you with a +0 giant club!
The two-headed ogre barely misses you.
Unknown command. 😮 HP[-13]
You take 13 damage, and now have 50/93 hp.
You slice the two-headed ogre!!
The centaur shoots an arrow.
The arrow hits you.
* * * LOW HITPOINT WARNING * * *
The centaur shoots an arrow.
The arrow hits you.
* * * LOW HITPOINT WARNING * * *
The two-headed ogre hits you with a +0 giant club!
* * * LOW HITPOINT WARNING * * *
The two-headed ogre hits you with a +0 giant club!!
* * * LOW HITPOINT WARNING * * *
😱 HP[-46]
You take 46 damage, and now have 4/93 hp.
MASSIVE DAMAGE!! (PAUSE)
You hit the two-headed ogre.
The centaur shoots an arrow.
The arrow hits you but does no damage.
The centaur shoots an arrow.
The arrow hits you.
* * * LOW HITPOINT WARNING * * *
😱 HP[-2]
You take 2 damage, and now have 2/93 hp.
Unknown command.
Okay, then.
Blink to where?
Press: ? - help, Dir - move target
As you read the scroll of blinking {!r}, it crumbles to dust.
As you read the scroll of teleportation {@r4}, it crumbles to dust.
You feel strangely unstable. 😱 HP[+1] Unknown command.
Unknown command.
Your surroundings seem slightly different.
Okay, then.
It was a potion of curing.
You feel better. 😱 HP[+10]
You regained 10 hp, and now have 13/93 hp.
It was a potion of haste.
You feel yourself speed up.
It was a potion of heal wounds.
You feel much better.
The two-headed ogre hits you with a +0 giant club!!
* * * LOW HITPOINT WARNING * * *
The two-headed ogre hits you with a +0 giant club!
You die...

Skill      XL: |  1  2  3  4  5  6  7  8  9 10 |
---------------+-------------------------------+-----
Axes           | 3 4 5 6 8 10 11 13 15 | 15.9
Fighting       | 4 5 6 7 8 10 | 10.0
Invocations    | 3 5 7 8 |  8.0
Armour         | |  3.2
Shields        | |  3.2

Action                     |  1- 3 |  4- 6 |  7- 9 | 10-12 || total
---------------------------+-------+-------+-------+-------++-------
  Melee: War axe           |   102 |    47 |       |       ||   149
         Battleaxe         |       |    45 |   100 |    51 ||   196
    Use: Scroll            |     1 |     6 |     4 |     2 ||    13
         Potion            |       |       |       |     3 ||     3
 Armour: Scale mail        |    63 |    90 |    43 |       ||   196
         Plate armour      |       |       |    66 |    58 ||   124
  Dodge: Dodged            |    49 |    36 |    48 |    15 ||   148
  Block: Buckler           |    18 |    16 |       |       ||    34

Levels and vault maps discovered:
D:1:      psy_arrival_radial01, layout_loops_ring
D:2:      layout_basic, hellmonk_ecumenical_altar_run_dry, grunt_ministairs_9,
          kennysheep_nub
D:3:      layout_rooms, nicolae_yredelemnul_corpse_copse, slow_altar_2,
          nicolae_houndstooth_variations, uniq_jessica, uniq_robin
D:4:      due_chaos_kobolds, layout_cave_pools, minmay_temple_entry_tees,
          wad_floor_pattern_untrapped
D:5:      layout_basic, kennysheep_mini, uniq_duvessa
D:6:      layout_basic, eino_tiny_chamber, uniq_grinder
D:7:      nzn_winding_woodlands_large [nzn_winding_woodlands_5x5_closed_star,
          nzn_winding_woodlands_5x15_twine, nzn_winding_woodlands_5x5_perimeter,
          nzn_winding_woodlands_center_diamonds,
          nzn_winding_woodlands_15x15_boxy_spiral,
          nzn_winding_woodlands_center_triple_pond,
          nzn_winding_woodlands_5x5_three, nzn_winding_woodlands_5x15_jagged,
          nzn_winding_woodlands_5x5_cross], layout_loops_ring, tgw_fedhas,
          serial_demonic, serial_demonic_g, serial_demonic_d, serial_demonic_g,
          serial_demonic_d, serial_demonic_a, serial_demonic_c,
          serial_demonic_f, serial_demonic_e, serial_demonic_d,
          serial_demonic_b, nicolae_beast_mode
Temple:   bh_familiar_temple

Notes
Turn   | Place    | Note
-------+----------+-------------------------------------------
     0 | D:1      | kae the Hill Orc Fighter began the quest for the Orb.
     0 | D:1      | Reached XP level 1. HP: 19/19 MP: 1/1
     0 | D:1      | magus.rc [v1.11.3]
    46 | D:1      | Reached skill level 3 in Axes
   169 | D:1      | You pick up a book of the Senses and begin reading...
   169 | D:1      | You add the spells Dazzling Flash, Agony and Silence to
                  | your library.
   224 | D:1      | Reached XP level 2. HP: 19/26 MP: 2/2
   393 | D:1      | Reached skill level 4 in Axes
   539 | D:1      | Reached XP level 3. HP: 31/31 MP: 3/3
  1150 | D:2      | Reached skill level 5 in Axes
  1226 | D:2      | Found a faded altar of an unknown god.
  1780 | D:2      | Reached XP level 4. HP: 39/39 MP: 4/4
  1977 | D:3      | Noticed Jessica
  1982 | D:3      | Killed Jessica
  1983 | D:3      | Reached skill level 6 in Axes
  2039 | D:3      | Noticed Robin
  2066 | D:2      | Killed Robin
  2193 | D:3      | Reached XP level 5. HP: 42/45 MP: 5/5
  2224 | D:3      | You pick up a book of Blasting and begin reading...
  2224 | D:3      | You add the spells Volatile Blastmotes, Fulminant Prism and
                  | Iskenderun's Mystic Blast to your library.
  2244 | D:3      | Identified the +12 battleaxe of Descent {heavy, Int+4 SInv}
  2347 | D:3      | Reached skill level 7 in Axes
  2680 | D:3      | Found a basalt altar of Yredelemnul.
  2855 | D:3      | Found a snail-covered altar of Cheibriados.
  2859 | D:3      | Reached skill level 4 in Fighting
  2938 | D:4      | Reached skill level 8 in Axes
  2938 | D:4      | Reached XP level 6. HP: 47/53 MP: 6/6
  3001 | D:4      | Found a large runed translucent door.
  3027 | D:4      | Found a large runed translucent door.
  3115 | D:4      | Found a shimmering altar of Xom.
  3134 | D:4      | Found a staircase to the Ecumenical Temple.
  3149 | Temple   | Entered the Ecumenical Temple
  3240 | Temple   | Became a worshipper of Makhleb the Destroyer
  3281 | D:4      | Reached skill level 5 in Fighting
  3281 | D:4      | Reached XP level 7. HP: 61/61 MP: 7/7
  3398 | D:4      | Reached skill level 1 in Invocations
  3720 | D:5      | Entered Level 5 of the Dungeon
  3737 | D:5      | Reached skill level 9 in Axes
  3860 | D:5      | Reached * piety under Makhleb
  3863 | D:5      | Reached skill level 2 in Invocations
  3938 | D:5      | Found a radiant altar of Vehumet.
  4575 | D:5      | Noticed Duvessa
  4575 | D:5      | Noticed Dowan
  4582 | D:5      | Killed Duvessa
  4583 | D:5      | Reached skill level 6 in Fighting
  4583 | D:5      | Reached skill level 10 in Axes
  4583 | D:5      | Reached skill level 3 in Invocations
  4583 | D:5      | Reached XP level 8. HP: 65/70 MP: 10/10
  4585 | D:5      | Killed Dowan
  4848 | D:6      | Reached skill level 4 in Invocations
  4894 | D:6      | Noticed Grinder
  4902 | D:6      | Killed Grinder
  4903 | D:6      | Reached skill level 11 in Axes
  5351 | D:6      | Reached skill level 5 in Invocations
  5390 | D:6      | Reached skill level 7 in Fighting
  5767 | D:6      | Reached XP level 9. HP: 79/79 MP: 13/13
  6014 | D:7      | Reached skill level 12 in Axes
  6020 | D:7      | Reached skill level 6 in Invocations
  6217 | D:7      | Reached ** piety under Makhleb
  6298 | D:7      | Noticed an unseen horror
  6302 | D:7      | Killed an unseen horror
  6303 | D:7      | Reached skill level 8 in Fighting
  6313 | D:7      | Noticed a two-headed ogre
  6315 | D:7      | Reached skill level 13 in Axes
  6318 | D:7      | Killed a two-headed ogre
  6319 | D:7      | Reached skill level 7 in Invocations
  6319 | D:7      | Reached XP level 10. HP: 78/90 MP: 15/15
  6380 | D:7      | You add the spells Cigotuvi's Dreadful Rot, Ignite Poison
                  | and Freezing Cloud to your library.
  6432 | D:7      | Noticed a boulder beetle
  6433 | D:7      | Reached skill level 9 in Fighting
  6433 | D:7      | Reached skill level 14 in Axes
  6438 | D:7      | Killed a boulder beetle
  6439 | D:7      | Reached skill level 8 in Invocations
  6449 | D:7      | Identified the ring "Giorhuku" {*Slow rF++ Str+4 Dex+6}
  6551 | D:7      | Found a blossoming altar of Fedhas.
  6595 | D:7      | Noticed an oklob plant
  6712 | D:7      | Reached skill level 15 in Axes
  6760 | D:7      | Noticed a gargoyle
  6769 | D:7      | Killed a gargoyle
  6881 | D:7      | Identified the +0 scale mail of the Blind Marksman {Harm
                  | Regen+}
  6959 | D:7      | Reached skill level 10 in Fighting
  6984 | D:7      | Noticed a two-headed ogre
  6992 | D:7      | HP: 4/93 [two-headed ogre/+0 giant club (24)]
  7000 | D:7      | HP: 12/93 [two-headed ogre/+0 giant club (25)]
  7000 | D:7      | Slain by a two-headed ogre

Vanquished Creatures
  A boulder beetle (D:7)
  A two-headed ogre (D:7)
  A slime creature (D:7)
  A gargoyle (D:7)
  An unseen horror (D:7)
  Grinder (D:6)
  2 wraiths (D:7)
  A basilisk (D:7)
  A steam dragon (D:7)
  Duvessa (D:5)
  2 water moccasins
  An orc warrior (D:6)
  2 sky beasts (D:7)
  A black bear (D:6)
  A centaur (D:6)
  4 bullfrogs (D:7)
  A gnoll sergeant (D:7)
  5 scorpions
  8 wights
  Dowan (D:5)
  A howler monkey (D:7)
  2 quasits (D:7)
  6 hounds
  5 orc priests
  2 jellies
  A gnoll bouda (D:7)
  5 iguanas
  An iron imp (D:3)
  Jessica (D:3)
  An orc wizard (D:5)
  A scorpion zombie (D:3)
  A sleepcap (D:4)
  Robin (D:2)
  4 gnolls
  5 adders
  2 shadow imps (D:7)
  5 white imps
  2 ufetubi
  An adder zombie (D:3)
  A worm (D:3)
  2 dart slugs (D:2)
  19 orcs
  8 ball pythons
  2 bats
  10 endoplasms
  3 giant cockroaches
  13 hobgoblins
  6 jackals
  9 kobolds
  4 quokkas
  A ball python zombie (D:3)
  4 frilled lizards
  A giant cockroach zombie (D:3)
  13 goblins
  9 rats
189 creatures vanquished.

Table legend:
 A = Non-vault XP
 B = Vault XP
 C = Vault XP percentage of total XP
 D = Non-vault monster count
 E = Vault monster count
 F = Vault count percentage of total count
                 A         B        C        D         E       F
            +---------+---------+-------+---------+---------+-------
      Total |    2657 |    5520 |  67.5 |     128 |      61 |  32.3
            +---------+---------+-------+---------+---------+-------
        D:1 |      44 |       0 |   0.0 |      26 |       0 |   0.0
        D:2 |      39 |      20 |  33.9 |      14 |       4 |  22.2
        D:3 |      61 |     142 |  70.0 |      19 |      17 |  47.2
        D:4 |     382 |       7 |   1.8 |      17 |       5 |  22.7
        D:5 |     421 |     222 |  34.5 |      21 |       2 |   8.7
        D:6 |     886 |     267 |  23.2 |      15 |       1 |   6.2
        D:7 |     822 |    4862 |  85.5 |      15 |      32 |  68.1
     Temple |       2 |       0 |   0.0 |       1 |       0 |   0.0
            +---------+---------+-------+---------+---------+-------

Skill      XL: |  1  2  3  4  5  6  7  8  9 10 |
---------------+-------------------------------+-----
Axes           | 3 4 5 6 8 10 11 13 15 | 15.9
Fighting       | 4 5 6 7 8 10 | 10.0
Invocations    | 3 5 7 8 |  8.0
Armour         | |  3.2
Shields        | |  3.2

Action                     |  1- 3 |  4- 6 |  7- 9 | 10-12 || total
---------------------------+-------+-------+-------+-------++-------
  Melee: War axe           |   102 |    47 |       |       ||   149
         Battleaxe         |       |    45 |   100 |    51 ||   196
    Use: Scroll            |     1 |     6 |     4 |     2 ||    13
         Potion            |       |       |       |     3 ||     3
 Armour: Scale mail        |    63 |    90 |    43 |       ||   196
         Plate armour      |       |       |    66 |    58 ||   124
  Dodge: Dodged            |    49 |    36 |    48 |    15 ||   148
  Block: Buckler           |    18 |    16 |       |       ||    34

Illustrated notes

Table legend:
 A = Kills in this place as a percentage of kills in the entire game.
 B = Kills by you in this place as a percentage of kills by you in the entire game.
 C = Kills by friends in this place as a percentage of kills by friends in the entire game.
 D = Other kills in this place as a percentage of other kills in the entire game.
 E = Experience gained in this place as a percentage of experience gained in the entire game.
 F = Experience gained in this place divided by the number of levels of this place that you have seen.
                   A       B       C       D       E      F
               +-------+-------+-------+-------+-------+----------------------
         Total | 100.0 | 100.0 |   N/A |   N/A | 100.0 | 1022.1
       Dungeon |  99.5 |  99.5 |   N/A |   N/A | 100.0 | 1167.9
        Temple |   0.5 |   0.5 |   N/A |   N/A |   0.0 |   2.0
               +-------+-------+-------+-------+-------+----------------------

Table legend: (Time is in decaauts)
 A = Elapsed time spent in this place.
 B = Non-inter-level travel time spent in this place.
 C = Inter-level travel time spent in this place.
 D = Time resting spent in this place.
 E = Time spent auto-exploring this place.
 F = Levels seen in this place.
 G = Mean time per level.
                   A        B        C        D        E       F      G
               +--------+--------+--------+--------+--------+-----+--------+
         Total |   7193 |   6730 |    463 |    247 |   5378 |   8 |  899.1 |
       Dungeon |   7069 |   6668 |    401 |    191 |   5378 |   7 | 1009.9 |
        Temple |    123 |     61 |     62 |     56 |      0 |   1 |  123.0 |
               +--------+--------+--------+--------+--------+-----+--------+

Top non-repeatable levels by time:
     D:2: 1166 daAuts
     D:5: 1165 daAuts
     D:7: 1049 daAuts
     D:6: 1036 daAuts
     D:1: 1020 daAuts
     D:3: 862 daAuts
     D:4: 769 daAuts
  Temple: 123 daAuts
